 Dungeon Crawl Stone Soup version 0.23-a0-644-gb60d84b (webtiles) character file.

12 Amnesiac the Ducker (level 2, 0/16 HPs)
             Began as a Spriggan Berserker on Jan 1, 2019.
             Was a Follower of Trog.
             Slain by a gnoll (5 damage)
             ... on level 1 of the Dungeon.
             The game lasted 00:00:26 (426 turns).

Amnesiac the Ducker (Spriggan Berserker)             Turns: 426, Time: 00:00:27

Health: 0/16       AC:  2    Str: 13    XL:     2   Next: 20%
Magic:  3/3        EV: 20    Int:  8    God:    Trog [*.....]
Gold:   29         SH:  0    Dex: 15    Spells: 1/1 levels left

rFire    . . .     SeeInvis +   a - +0 falchion
rCold    . . .     Gourm    .   (shield restricted)
rNeg     . . .     Faith    .   b - +0 animal skin
rPois    .         Spirit   .   (helmet restricted)
rElec    .         Reflect  .   (no cloak)
rCorr    .         Harm     .   (gloves unavailable)
MR       .....                  (boots unavailable)
Stlth    +.........             (no amulet)
HPRegen  0.05/turn              (no ring)
MPRegen  0.08/turn              (no ring)

@: very quick
A: very small, unfitting armour, see invisible, herbivore, speed 3, slow
metabolism 2
a: Berserk, Renounce Religion


You were on level 1 of the Dungeon.
You worshipped Trog.
Trog was aware of your devotion.
You were not hungry.

You visited 1 branch of the dungeon, and saw 1 of its levels.

You collected 29 gold pieces.

Inventory:

Hand Weapons
 a - a +0 falchion (weapon)
Armour
 b - a +0 animal skin (worn)
Scrolls
 f - a scroll of identify {!r, unknown}
Potions
 d - a potion of flight {!q, unknown}
 e - a potion of degeneration {!q, unknown}
Comestibles
 c - a ration


   Skills:
 + Level 2.5 Fighting
 * Level 2.7 Long Blades
 + Level 4.6 Dodging


You had one spell level left.
You didn't know any spells.
Your spell library was empty.

Dungeon Overview and Level Annotations

Branches:
Dungeon (1/15)

Altars:


Innate Abilities, Weirdness & Mutations

You are very small and have problems with some larger weapons.
You are too small for most types of armour.
You have supernaturally acute eyesight. (SInv)
You are a herbivore.
You cover ground extremely quickly.
You need to consume almost no food.


Message History

No target in view!
No target in view!
No target in view!
No target in view!
No target in view!
No target in view!
You see here a +0 club.
Found a stone staircase leading down.
A kobold comes into view. It is wielding a -3 club.
A kobold is nearby!
The kobold shouts!
You hit the kobold.
You kill the kobold!
Trog accepts your kill.
You have reached level 2!
Things that are here:
a cursed -3 club; a kobold corpse 2 rats and a gnoll come into view.
There are monsters nearby!
There are monsters nearby!
There are monsters nearby!
There are monsters nearby!
You closely miss the rat.
A kobold comes into view.
The rat bites you but does no damage.
You barely miss the rat. The rat completely misses you.
You riposte.
You hit the rat.
The rat is moderately wounded.
You hit the rat.
You kill the rat!
Trog accepts your kill.
A hobgoblin and a kobold come into view.
The kobold shouts!
A giant cockroach comes into view.
The kobold moves out of view.
Found a leather armour.
You see here a rat corpse.
The hobgoblin shouts!
You hit the kobold.
You kill the kobold!
Trog accepts your kill.
You hear a shout!
Things that are here:
2 stones; a kobold corpse You hit the hobgoblin but do no damage.
The hobgoblin misses you.
You hit the hobgoblin.
You kill the hobgoblin!
Trog accepts your kill.
The kobold hits you with a +0 short sword.
You hit the giant cockroach.
The giant cockroach is severely wounded.
A giant cockroach comes into view.
The giant cockroach barely misses you. The kobold misses you.
You closely miss the giant cockroach.
The giant cockroach is heavily wounded.
The kobold hits you with a +0 short sword.
You hit the giant cockroach.
You kill the giant cockroach!
Trog accepts your kill. The gnoll hits you!
* * * LOW HITPOINT WARNING * * *
The giant cockroach misses you. The kobold closely misses you.
The gnoll hits you.
You die...

#.. #..# ..## #..##
g....## #...#
.r...## ##....
......####....#
......+........
#####.....####....#
#s@g#....# ##...#
#.K.#....# ##.##
....#...#..## #.#
#....#####.## #.#
#.#........# #)# .
........##########.#
#.......##.........#
.....#...#.######..#
#.##............#..#


You could see a gnoll, a giant cockroach and a kobold.

Vanquished Creatures
  2 dart slugs (D:1)
  A giant cockroach (D:1)
  2 hobgoblins (D:1)
  A bat (D:1)
  2 kobolds (D:1)
  A rat (D:1)
9 creatures vanquished.

Notes
Turn   | Place    | Note
-------+----------+-------------------------------------------
     0 | D:1      | Amnesiac the Spriggan Berserker began the quest for the
                  | Orb.
     0 | D:1      | Reached XP level 1. HP: 11/11 MP: 2/2
   390 | D:1      | Reached XP level 2. HP: 15/16 MP: 3/3
   426 | D:1      | Slain by a gnoll

Vault maps used:
D:1:      minmay_arrival_glassed_features, minmay_distorted

Action                   || total
-------------------------++-------
Melee: Falchion          ||    20
 Stab: Sleeping          ||     1
Armor: Animal skin       ||     1
Dodge: Dodged            ||     9
       Rpst.: Falchion   ||     1

Table legend:
 A = Non-vault XP
 B = Vault XP
 C = Vault XP percentage of total XP
 D = Non-vault monster count
 E = Vault monster count
 F = Vault count percentage of total count
                 A         B        C        D         E       F
            +---------+---------+-------+---------+---------+-------
      Total |      14 |       4 |  22.2 |       6 |       3 |  33.3
            +---------+---------+-------+---------+---------+-------
        D:1 |      14 |       4 |  22.2 |       6 |       3 |  33.3
            +---------+---------+-------+---------+---------+-------
